 Dungeon Crawl Stone Soup version 0.30-a0-778-g2ef04afb54 (webtiles) character file.

Game seed: 3166251599357570954

6 Pimp the Trooper (level 1, -3/19 HPs)
             Began as a Draconian Berserker on Feb 15, 2023.
             Was a Follower of Trog.
             Frozen to death by an endoplasm (4 damage)
             ... on level 1 of the Dungeon.
             The game lasted 00:00:19 (152 turns).

Pimp the Trooper (Draconian Berserker)               Turns: 152, Time: 00:00:19

Health: -3/19      AC:  4    Str: 19    XL:     1   Next: 75%
Magic:  1/1        EV: 12    Int:  7    God:    Trog [*.....]
Gold:   9          SH:  0    Dex: 10    Spells: 0/0 levels left

rFire   . . .      SeeInvis .    a - +0 falchion
rCold   . . .      Faith    .    (no shield)
rNeg    . . .      Spirit   .    (body armour unavailable)
rPois   .          Reflect  .    (helmet restricted)
rElec   .          Harm     .    (no cloak)
rCorr   .          Rampage  .    (no gloves)
Will    .....                    (no boots)
Stlth   +                        (no amulet)
HPRegen 0.23/turn                (no ring)
MPRegen 0.07/turn                (no ring)

@: slowed, very slow
A: AC +4, unfitting armour, cold-blooded
a: Renounce Religion, Berserk


You were on level 1 of the Dungeon.
You worshipped Trog.
Trog was aware of your devotion.
You visited 1 branch of the dungeon, and saw 1 of its levels.

You collected 9 gold pieces.

Inventory:

Hand Weapons
 a - a +0 falchion (weapon)
Scrolls
 c - a scroll of torment {unknown}
 d - a scroll of vulnerability {unknown}
Potions
 b - a potion of attraction {unknown}


   Skills:
 + Level 3.4 Fighting
 + Level 3.0 Long Blades
 + Level 2.9 Dodging


You couldn't memorise any spells.
You didn't know any spells.
Your spell library was empty.

Dungeon Overview and Level Annotations

Branches:
Dungeon (1/15)

Altars:


Innate Abilities, Weirdness & Mutations

Your plain brown scales are hard. (AC +4)
You cannot fit into any form of body armour.
You are cold-blooded and may be slowed by cold attacks.


Message History

You are frozen.
You feel as though you will be slow longer.
The endoplasm hits you but does no damage.
You hit the endoplasm.
The endoplasm is lightly wounded.
The bat hits you but does no damage. The endoplasm barely misses you.
The endoplasm freezes you.
You are frozen.
You feel as though you will be slow longer.
You hit the endoplasm but do no damage.
The endoplasm is lightly wounded.
The endoplasm freezes you.
You are frozen.
The endoplasm closely misses you. The endoplasm barely misses you.
The endoplasm freezes you.
You are frozen.
You feel as though you will be slow longer.
The endoplasm closely misses you. The endoplasm freezes you.
You are frozen.
* * * LOW HITPOINT WARNING * * *
You feel as though you will be slow longer.
You hit the endoplasm.
The endoplasm is severely wounded.
The endoplasm hits you.
* * * LOW HITPOINT WARNING * * *
The endoplasm hits you but does no damage.
The goblin hits you with a +0 club.
* * * LOW HITPOINT WARNING * * *
The endoplasm barely misses you. x2
The endoplasm hits you but does no damage.
The goblin closely misses you.
The endoplasm hits you but does no damage.
You hit the endoplasm but do no damage.
The endoplasm is severely wounded.
The endoplasm hits you.
* * * LOW HITPOINT WARNING * * *
The endoplasm freezes you.
You are frozen.
You die...

... ...# #..# #..#
####..# ##.....#
.#.....J####.#
.......g@J...#
#.....J#############
##.................####.
##.#...##########......
# #...# #....#### .....#
#....# #..#..#
####....### .......#
##.........# ###(.....
...........#


You could see 3 endoplasms and a goblin.

Vanquished Creatures
  A hobgoblin (D:1)
  3 jackals (D:1)
  A bat (D:1)
5 creatures vanquished.

Notes
Turn   | Place    | Note
-------+----------+-------------------------------------------
     0 | D:1      | Pimp the Draconian Berserker began the quest for the Orb.
     0 | D:1      | Reached XP level 1. HP: 19/19 MP: 1/1
   152 | D:1      | Frozen to death by an endoplasm

Illustrated notes

Levels and vault maps discovered:
D:1:      minmay_arrival_hallway, layout_loops_ring

Action                     || total
---------------------------++-------
  Melee: Falchion          ||    23
         Tailslap          ||     1
 Armour: Skin              ||    21
  Dodge: Dodged            ||    39

Table legend: (Time is in decaauts)
 A = Elapsed time spent in this place.
 B = Non-inter-level travel time spent in this place.
 C = Inter-level travel time spent in this place.
 D = Time resting spent in this place.
 E = Time spent auto-exploring this place.
 F = Levels seen in this place.
 G = Mean time per level.
                   A        B        C        D        E       F      G
               +--------+--------+--------+--------+--------+-----+--------+
         Total |    157 |    157 |      0 |      0 |    101 |   1 |  157.0 |
       Dungeon |    157 |    157 |      0 |      0 |    101 |   1 |  157.0 |
               +--------+--------+--------+--------+--------+-----+--------+

Top non-repeatable levels by time:
     D:1: 157 daAuts
